 Dungeon Crawl Stone Soup version 0.29.1-1-gd02db6906a (webtiles) character file.

Game seed: 18269774569087465192

609 jamesp the Trooper (level 7, -3/58 HPs)
             Began as a Formicid Fighter on Sept 29, 2022.
             Killed by divine providence
             ... invoked by an orc priest
              (9 damage)
             ... on level 4 of the Dungeon.
             The game lasted 00:09:52 (2990 turns).

jamesp the Trooper (Formicid Fighter)               Turns: 2990, Time: 00:09:53

Health: -3/58      AC: 12    Str: 30    XL:     7   Next: 71%
Magic:  7/7        EV:  8    Int:  8    God:
Gold:   121        SH:  5    Dex: 13    Spells: 6/6 levels left

rFire   . . .      SeeInvis +   a - +0 trident
rCold   . . .      Faith    .   c - +0 buckler
rNeg    . . .      Spirit   .   f - +0 chain mail of Sif Muna's Hatred {rElec rCorr Str+8}
rPois   .          Reflect  .   (helmet unavailable)
rElec   +          Harm     .   (no cloak)
rCorr   +          Rampage  .   o - +0 pair of gloves
Will    .....                   q - +0 pair of boots
Stlth   ..........              (no amulet)
HPRegen 0.19/turn               (no ring)
MPRegen 0.10/turn               (no ring)

@: mighty
A: permanent stasis, dig shafts and tunnels, antennae 3, four strong arms
a: Dig, Shaft Self


You were on level 4 of the Dungeon.
You visited 1 branch of the dungeon, and saw 4 of its levels.

You collected 121 gold pieces.

Inventory:

Hand Weapons
 a - a +0 trident (weapon)
Missiles
 n - 39 stones (quivered)
Armour
 b - a +0 scale mail
 c - a +0 buckler (worn)
 f - the +0 chain mail of Sif Muna's Hatred (worn) {rElec rCorr Str+8}
   (You found it on level 2 of the Dungeon)

   Str:       It affects your strength (+8).
   rElec:     It insulates you from electricity.
   rCorr:     It protects you from acid and corrosion.
 o - a +0 pair of gloves (worn)
 q - a +0 pair of boots (worn)
Scrolls
 e - a scroll of fear {unknown}
 h - a scroll of enchant armour {unknown}
 i - 2 scrolls of immolation {unknown}
 l - 2 scrolls of amnesia {unknown}
 p - 2 scrolls of teleportation {unknown}
 s - a scroll of magic mapping {unknown}
 v - a scroll of enchant weapon {unknown}
 w - a scroll of vulnerability {unknown}
Potions
 j - 2 potions of degeneration
 k - 3 potions of flight
 m - a potion of cancellation
 r - 2 potions of invisibility


   Skills:
 + Level 6.0 Fighting
 + Level 5.5 Polearms
 - Level 5.0 Armour
 - Level 4.0 Shields


You had 6 spell levels left.
You didn't know any spells.
Your spell library contained the following spells:

 Spells                   Type           Power      Damage    Failure   Level
 Passage of Golubria      Tloc           0%         N/A       100%        4
 Silence                  Hex/Air        0%         N/A       100%        5
 Lehudib's Crystal Spear  Conj/Erth      0%         10d2      100%        8


Dungeon Overview and Level Annotations

Branches:
Dungeon (4/15)
 Temple: D:4-7

Altars:

Shops:
D:4 (


Innate Abilities, Weirdness & Mutations

You cannot be hasted, slowed, berserked, paralysed or teleported.
You can dig through walls and to a lower floor.
You have a pair of large antennae on your head. (SInv)
Your four strong arms can wield two-handed weapons with a shield.


Message History

Your Fighting skill gained 2 levels and is now at level 6!
Your Polearms skill gained 2 levels and is now at level 5!
Your Armour skill increases to level 5!
You have reached level 6!
You have reached level 7!
Reach: a) +0 trident
Press: ? - help, Dir - move target, f - orc
Aim: an orc, wielding a +0 flail (about 38% to evade your +0 trident)
You reach to attack!
You hit the orc.
The orc is almost dead.
You hit the orc.
The orc is moderately wounded.
You puncture the orc!
You kill the orc!
You puncture the orc!
You kill the orc!
You now have 121 gold pieces (gained 13).
Items here: ))) †.
Okay, then.
You start resting.
You are no longer corroded.
You start resting.
You sense a monster nearby.
You start resting.
You sense a monster nearby.
An orc comes into view. It is wielding a +0 flail.
The orc shouts!
You hear a shout! x2
An orc priest comes into view.
It is wielding a +0 dagger of holy wrath.
An orc warrior comes into view. It is wielding a +0 battleaxe.
An orc wizard comes into view. It is wielding a +0 dagger.
The orc warrior shouts!
The orc wizard shouts!
The orc wizard points at you and mumbles some strange words.
You easily resist.
The orc wizard casts a spell at you. The puff of flame hits you.
* * * LOW HITPOINT WARNING * * *
Okay, then.
The orc priest calls down the wrath of Beogh upon you.
Beogh smites you!
You die...

........ .......#. #
#........ #.
......... #.
###........
#.##8.........
#####............. ##
..........<.......
..#+####..@..........
#.....#..#....o∩.....
......#......o......#
#>..............>..#
#............o..o...
######........#....8#
#...##........#...#..
#§#.)...####### #.#
oo§####### .#


You could see an orc warrior, an orc priest, an orc wizard and an orc.

Vanquished Creatures
  Pikel (D:4)
  A lemure (D:3)
  2 iguanas
  An adder (D:2)
  4 worms
  2 dart slugs
  2 orcs (D:4)
  5 ball pythons
  6 bats
  6 endoplasms
  4 giant cockroaches
  2 goblins
  6 hobgoblins
  6 jackals
  7 kobolds
  3 quokkas
  2 frilled lizards (D:2)
  6 rats
66 creatures vanquished.

Notes
Turn   | Place    | Note
-------+----------+-------------------------------------------
     0 | D:1      | jamesp the Formicid Fighter began the quest for the Orb.
     0 | D:1      | Reached XP level 1. HP: 18/18 MP: 1/1
    80 | D:1      | You fall into a shaft and drop 1 floor!
   194 | D:2      | Reached XP level 2. HP: 24/24 MP: 2/2
   365 | D:1      | Reached XP level 3. HP: 30/30 MP: 3/3
   659 | D:1      | Found a faded altar of an unknown god.
  1261 | D:2      | Identified the +0 chain mail of Sif Muna's Hatred {rElec
                  | rCorr Str+8}
  1423 | D:2      | Reached XP level 4. HP: 32/37 MP: 4/4
  1469 | D:2      | Reached skill level 4 in Fighting
  2314 | D:3      | Reached XP level 5. HP: 42/42 MP: 5/5
  2492 | D:4      | Noticed an ogre
  2857 | D:4      | Noticed a lemure
  2857 | D:4      | Noticed a lemure
  2857 | D:4      | Noticed a lemure
  2857 | D:4      | Noticed a lemure
  2887 | D:3      | Killed a lemure
  2916 | D:4      | Found Veat's Weapon Shop.
  2940 | D:4      | Noticed Pikel
  2958 | D:4      | HP: 1/43 [Pikel/bolt of acid (7)]
  2960 | D:4      | Killed Pikel
  2961 | D:4      | Reached skill level 6 in Fighting
  2961 | D:4      | Reached skill level 5 in Polearms
  2961 | D:4      | Reached skill level 5 in Armour
  2961 | D:4      | Reached XP level 6. HP: 1/52 MP: 6/6
  2961 | D:4      | Reached XP level 7. HP: 2/58 MP: 7/7
  2990 | D:4      | Killed from afar by an orc priest

Illustrated notes

Levels and vault maps discovered:
D:1:      lordsloth_arrival_two_stooges, layout_loops_ring,
          basic_ecumenical_altar, nicolae_eternal_life
D:2:      cheibrodos_old_hovel, layout_basic, grunt_decor_junction,
          hangedman_feature_mirror, hex_large
D:3:      layout_basic, grunt_ministairs_10
D:4:      layout_basic, makhleb_altar_promises_db, serial_shops,
          nicolae_stop_n_shop_1, grunt_ministairs_4, uniq_ijyb, uniq_pikel

Skill      XL: |  1  2  3  4  5 |
---------------+----------------+-----
Fighting       | 4 6 |  6.0
Armour         | 4 5 |  5.0
Polearms       | 3 5 |  5.5
Shields        | |  4.0

Action                   |  1- 3 |  4- 6 |  7- 9 || total
-------------------------+-------+-------+-------++-------
Melee: Trident           |    88 |   129 |     4 ||   221
Throw: Stone             |     1 |     2 |       ||     3
       Dart              |       |     8 |       ||     8
  Use: Scroll            |     5 |       |       ||     5
       Potion            |       |     3 |       ||     3
Armor: Scale mail        |    21 |       |       ||    21
       Chain mail        |     3 |    64 |       ||    67
Dodge: Dodged            |    38 |    37 |       ||    75
Block: Buckler           |    14 |    30 |       ||    44
